 Dungeon Crawl Stone Soup version 0.26.1-10-gdfb7c7de75 (webtiles) character file.

Game seed: 12346952071505479142

37 MalarOregon the Caller (level 3, 0/22 HPs)
             Began as a Halfling Summoner on Mar 31, 2021.
             Killed from afar by an orc wizard (10 damage)
             ... with a magic dart
             ... on level 2 of the Dungeon.
             The game lasted 00:03:20 (1547 turns).

MalarOregon the Caller (Halfling Summoner)          Turns: 1547, Time: 00:03:20

Health: 0/22       AC:  2    Str: 10    XL:     3   Next: 60%
Magic:  3/5        EV: 15    Int: 13    God:
Gold:   66         SH:  0    Dex: 14    Spells: 2/5 levels left

rFire    . . .     SeeInvis .   f - +0 spear
rCold    . . .     Faith    .   (shield restricted)
rNeg     . . .     Spirit   .   a - +0 robe
rPois    .         Reflect  .   (no helmet)
rElec    .         Harm     .   (no cloak)
rCorr    .         Rampage  .   (no gloves)
Will     .....                  (no boots)
Stlth    ++........             (no amulet)
HPRegen  0.07/turn              (no ring)
MPRegen  0.09/turn              (no ring)

@: no status effects
A: small, mutation resistance 1
a: no special abilities


You were on level 2 of the Dungeon.
You visited 1 branch of the dungeon, and saw 2 of its levels.

You collected 66 gold pieces.

Inventory:

Hand Weapons
 b - a +0 dagger
   (You found it on level 1 of the Dungeon)
 f - a +0 spear (weapon)
   (You found it on level 1 of the Dungeon)
 h - a cursed +0 dagger
   (You found it on level 1 of the Dungeon)
 i - a +1 hunting sling of flaming
   (You found it on level 1 of the Dungeon)
Missiles
 c - 29 stones
Armour
 a - a +0 robe (worn)
Scrolls
 d - 2 scrolls of identify {@r1}
 g - a scroll of remove curse {unknown}
 j - a scroll of enchant armour {unknown}
Potions
 e - a potion of mutation {!q}


   Skills:
 + Level 0.8 Fighting
 * Level 0.6 Polearms
 + Level 1.0 Armour
 + Level 2.5 Dodging
 - Level 2.1 Stealth
 + Level 1.7 Spellcasting
 + Level 3.5 Summonings


You had 2 spell levels left.
You knew the following spells:

 Your Spells              Type           Power        Failure   Level
a - Summon Small Mammal   Summ           40%          6%          1
x - Call Imp              Summ           10%          9%          2

Your spell library contained the following spells:

 Spells                   Type           Power        Failure   Level
 Call Canine Familiar     Summ           10%          19%         3
 Summon Guardian Golem    Hex/Summ       5%           36%         3
 Summon Ice Beast         Ice/Summ       5%           77%         4
 Summon Lightning Spire   Summ/Air       5%           77%         4


Dungeon Overview and Level Annotations

Branches:
Dungeon (2/15)

Altars:


Innate Abilities, Weirdness & Mutations

You are small and have problems with some larger weapons.
You are somewhat resistant to further mutation.


Message History

Aim: an orc wizard, wielding a +0 dagger and wearing a +0 robe (fast)
You could not reach far enough!
The orc wizard hits your white imp with a +0 dagger.
Your white imp dies!
The orc wizard hits you but does no damage.
You climb upwards.
There is a stone staircase leading down here.
Unknown command.
You start resting.
You start resting.
Unknown command.
You climb downwards.
There is a stone staircase leading up here.
A beastly little devil appears in a puff of flame.
The orc completely misses your crimson imp.
You closely miss the orc wizard.
The orc wizard hits you but does no damage.
Your crimson imp closely misses the orc.
The orc hits your crimson imp with a +0 flail.
You barely miss the orc wizard. The orc wizard barely misses you.
Your crimson imp misses the orc.
You closely miss the orc wizard.
The orc closely misses your crimson imp.
The orc wizard closely misses you.
Your crimson imp barely misses the orc.
The orc wizard gestures at you while chanting.
The magic dart hits you.
You barely miss the orc wizard. The orc misses your crimson imp.
Your crimson imp hits the orc.
The orc wizard barely misses you.
You hit the orc wizard but do no damage.
The orc barely misses your crimson imp.
Your crimson imp hits the orc.
The orc wizard mumbles some strange words.
The orc wizard seems to speed up.
You hit the orc wizard. The orc wizard completely misses you.
The orc closely misses your crimson imp.
Your crimson imp closely misses the orc.
You closely miss the orc wizard.
The orc wizard hits you with a +0 dagger.
Your crimson imp closely misses the orc.
The orc closely misses your crimson imp.
The orc wizard points at you and mumbles some strange words.
The magic dart hits you.
You miss the orc wizard.
The orc wizard hits you with a +0 dagger.
* * * LOW HITPOINT WARNING * * *
Your crimson imp blinks!
The orc wizard misses you.
Unknown command.
The orc wizard gestures at you while chanting.
The magic dart hits you!
You die...

### #@#
#o#########
#o5....o..#
#########o######
#.......#
#..####o### #..#
#.o.. #..# #)g..
#..# #oo..


You could see an orc wizard (fast), an orc and a friendly crimson imp
(summoned).

Vanquished Creatures
  A leopard gecko (D:2)
  2 orcs (D:2)
  2 bats (D:1)
  2 giant cockroaches
  2 goblins (D:1)
  3 hobgoblins (D:1)
  A frilled lizard (D:1)
  3 kobolds
  5 rats
21 creatures vanquished.

Vanquished Creatures (collateral kills)
  A ball python (D:1)
  3 hobgoblins
  2 kobolds (D:1)
  2 bats (D:1)
  4 frilled lizards (D:1)
  2 rats (D:1)
14 creatures vanquished.

Grand Total: 35 creatures vanquished

Notes
Turn   | Place    | Note
-------+----------+-------------------------------------------
     0 | D:1      | MalarOregon the Halfling Summoner began the quest for the
                  | Orb.
     0 | D:1      | Reached XP level 1. HP: 11/11 MP: 3/3
   134 | D:1      | Reached XP level 2. HP: 4/17 MP: 0/4
   588 | D:1      | Learned a level 2 spell: Call Imp
   781 | D:1      | Reached XP level 3. HP: 22/22 MP: 3/5
  1274 | D:2      | Reached skill level 1 in Armour
  1547 | D:2      | Killed from afar by an orc wizard

Illustrated notes

Levels and vault maps discovered:
D:1:      dpeg_arrival_leaves_temple_mockup, layout_rooms
D:2:      layout_basic, nzn_hepliaklqana_mist_gate,
          nicolae_overflow_crystal_walls

Skill      XL: |  1  2  3 |
---------------+----------+-----
Armour         | 1 |  1.0
Fighting       | |  0.8
Polearms       | |  0.6
Dodging        | |  2.5
Stealth        | |  2.1
Spellcasting   | |  1.7
Summonings     | |  3.5

Action                   || total
-------------------------++-------
Melee: Dagger            ||    34
       Spear             ||    56
 Cast: Summon Small Mamm ||    16
       Call Imp          ||     5
  Use: Scroll            ||     1
 Stab: Distracted        ||     1
Armor: Robe              ||    17
Dodge: Dodged            ||    63
